Map: Orbital Shipyard

Players

AcerBly (Bly)

  • Race: Zerg Zerg
  • League: Master

PtitDrogo - Winner!

  • Race: Protoss Protoss
  • League: Master

Event: DreamHack ZOWIE Open Leipzig

VOD

Have the link to the VOD?

Description

Time

  • Played on: Jan. 24, 2016, 4:57 a.m.
  • Length: 24:53

All games in this series

Show
View Real Time Build Order
Export as new Build Order

AcerBly Zerg 

Build Orders: Hatch First, Lurkers, Roach Hydra Lurker, Burrowed Roaches 

Get SALT Encoding   

  12  0:01  Drone  
  13  0:12  Overlord  
  13  0:17  Drone  
  14  0:30  Drone x2  
  14  0:34  Drone  
  17  0:51  Hatchery  
  16  0:58  Drone x2  
  18  1:10  Spawning Pool  
  17  1:14  Drone  
  17  1:17  Drone  
  19  1:38  Hatchery  
  18  1:50  Overlord  
  18  1:57  Zergling x4  
  18  1:58  Queen  
  22  2:07  Queen  
  24  2:10  Drone  
  24  2:13  Drone  
  26  2:18  Drone  
  26  2:19  Drone  
  28  2:28  Drone  
  28  2:29  Overlord  
  29  2:36  Queen  
  31  2:46  Drone  
  31  2:47  Drone x2  
  34  2:51  Overlord  
  34  3:00  Drone x3  
  34  3:02  Drone  
  34  3:03  Queen  
  39  3:07  Extractor  
  39  3:10  Drone x2  
  39  3:11  Drone  
  41  3:16  Drone x2  
  41  3:19  Extractor  
  41  3:22  Drone x3  
  44  3:27  Drone x2  
  44  3:28  Drone  
  47  3:36  Zergling x8  
  51  3:43  Drone x3  
  51  3:47  Zergling x4  
  57  3:48  Drone  
  57  3:53  Overlord  
  57  3:56  Overlord  
  57  4:02  Lair  
  57  4:04  Drone  
  58  4:11  Drone  
  58  4:13  Overlord  
  59  4:17  Roach Warren  
  59  4:18  Overlord  
  59  4:19  Drone  
  59  4:20  Drone x5  
  64  4:25  Overlord, Extractor  
  64  4:26  Metabolic Boost  
  64  4:30  Drone x2  
  65  4:34  Drone x3  
  68  4:43  Overlord  
  68  4:44  Drone x5  
  73  4:52  Drone x5  
  78  4:55  Overlord  
  78  4:57  Extractor  
  77  5:02  Glial Reconstitution  
  77  5:03  Drone x2  
  79  5:11  Overlord  
  79  5:17  Overlord x4  
  79  5:29  Hatchery  
  79  5:34  Roach x11  
  100  5:38  Overlord  
  100  5:40  Overlord  
  100  5:46  Roach  
  104  5:50  Roach x2  
  104  5:54  Spore Crawler  
  104  5:55  Spore Crawler  
  104  5:57  Spore Crawler, Roach  
  105  6:04  Roach x3  
  105  6:05  Roach x5  
  121  6:18  Extractor  
  121  6:19  Burrow, Drone  
  121  6:20  Drone x5, Extractor, Tunneling Claws  
  121  6:22  Queen x2  
  129  6:41  Hydralisk Den  
  129  6:42  Drone x8  
  129  6:45  Overlord  
  136  6:48  Overlord  
  136  6:51  Overlord x2  
  124  7:08  Overlord  
  114  7:15  Roach  
  114  7:16  Roach x7  
  92  7:37  Roach x7  
  92  7:38  Roach x8  
  92  7:40  Lurker Den  
  122  7:49  Spore Crawler  
  122  7:50  Drone, Extractor  
  122  7:51  Drone x3, Extractor  
  123  8:01  Spore Crawler x2, Drone  
  119  8:08  Hydralisk  
  119  8:09  Hydralisk x2  
  119  8:10  Overlord  
  125  8:12  Evolution Chamber  
  125  8:15  Infestation Pit  
  123  8:23  Hydralisk x9, Roach x8  
  123  8:24  Roach x4  
  123  8:25  Roach x3  
  141  8:37  Hydralisk x7  
  154  8:43  Roach x4  
  154  8:47  Hydralisk x3  
  154  8:48  Hydralisk x5  
  162  8:57  Hydralisk  
  162  8:58  Hydralisk x4  
  162  9:02  Overlord  
  164  9:07  Roach x2  
  164  9:08  Roach  
  152  9:12  Roach  
  150  9:17  Hydralisk x7  
  150  9:22  Roach x3  
  150  9:24  Drone x2  
  162  9:25  Drone  
  163  9:44  Roach x13  
  163  9:45  Roach x2  
  185  9:52  Muscular Augments  
  185  9:54  Lurker x2  
  187  10:00  Overseer x2  
  187  10:06  Zerg Missile Weapons Level 1  
  187  10:07  Drone x6  
  193  10:22  Roach  
  193  10:23  Overlord, Roach x2  
  193  10:24  Ravager  
  193  10:25  Hive  
  200  10:33  Queen x5  
  200  10:34  Queen  
  192  10:35  Roach  
  192  10:36  Hydralisk  
  192  10:37  Hydralisk  
  192  10:42  Hydralisk x8  
  113  10:51  Roach x5  
  123  11:01  Lurker x2  
  125  11:05  Hydralisk  
  125  11:06  Hydralisk x4  
  135  11:14  Roach  
  135  11:22  Roach x6  
  135  11:23  Roach x4  
  155  11:26  Roach  
  155  11:27  Roach  
  155  11:31  Drone x2  
  155  11:32  Drone  
  158  11:38  Viper x2  
  164  11:51  Roach  
  164  11:52  Lurker  
  164  11:53  Lurker x3  
  166  11:54  Roach  
  166  11:57  Roach  
  166  11:59  Drone x8  
  174  12:05  Spire, Roach  
  174  12:06  Roach x2  
  174  12:07  Roach  
  170  12:19  Roach x4  
  170  12:20  Roach  
  168  12:25  Spore Crawler  
  168  12:26  Spore Crawler  
  162  12:36  Roach x2  
  162  12:40  Roach x13  
  182  12:55  Roach  
  182  12:56  Overseer x2, Roach  
  166  13:04  Roach x6  
  166  13:05  Roach x5  
  181  13:07  Roach x2  
  177  13:17  Spire  
  175  13:21  Drone x3  
  175  13:23  Zergling x6  
  175  13:24  Zergling x24  
  105  14:30  Roach x8  
  120  14:31  Mutalisk  
  120  14:32  Mutalisk x5  
  120  14:34  Hatchery  
  130  14:47  Mutalisk x4  
  130  14:50  Overseer  
  130  14:51  Overseer  
  138  14:53  Hatchery  
  138  14:55  Mutalisk x3  
  143  15:05  Hatchery  
  142  15:12  Mutalisk  
  142  15:13  Mutalisk x5  
  154  15:29  Greater Spire  
  154  15:42  Roach x7  
  150  15:55  Mutalisk x2  
  150  15:56  Mutalisk x2  
  127  16:14  Roach x5  
  125  16:37  Drone x3  
  125  16:39  Ravager x5  
  133  16:43  Corruptor x2  
  125  17:10  Corruptor x3  
  125  17:14  Drone x2  
  133  17:16  Extractor  
  133  17:17  Drone, Extractor  
  130  17:27  Corruptor  
  105  18:01  Brood Lord x2  
  105  18:02  Brood Lord  
  104  18:18  Spore Crawler  
  104  18:19  Spore Crawler  
  102  18:20  Brood Lord  
  102  18:21  Spore Crawler  
  102  18:26  Corruptor  
  105  18:37  Roach x3  
  105  18:38  Roach x2  
  108  18:58  Roach  
  98  19:09  Hydralisk x4  
  96  19:34  Viper  
  99  19:39  Drone  
  100  19:54  Drone x4  
  100  19:55  Drone x3  
  107  20:41  Drone x3  
  110  20:43  Hatchery  
  109  21:02  Drone x3  
  112  21:05  Drone x2  
  114  21:38  Hatchery  
  112  21:44  Viper  
  112  21:45  Viper x2  
  121  21:54  Hatchery  
  121  21:59  Brood Lord  
  111  22:21  Corruptor x2  
  98  22:58  Queen  
  98  22:59  Queen x2  
  95  23:17  Overseer  
  79  23:51  Spire  
  78  23:56  Roach Warren  
Show
View Real Time Build Order
Export as new Build Order

PtitDrogo Protoss - Winner!

Build Orders: Nexus First, Phoenix Opening 

Get SALT Encoding   

  12  0:00  Probe (Chrono Boost)  
  13  0:11  Probe (Chrono Boost)  
  14  0:18  Pylon  
  14  0:22  Probe (Chrono Boost)  
  15  0:36  Probe (Chrono Boost)  
  16  0:46  Probe (Chrono Boost)  
  17  0:57  Nexus  
  17  1:07  Gateway  
  17  1:10  Probe (Chrono Boost)  
  18  1:15  Assimilator  
  18  1:20  Probe (Chrono Boost)  
  18  1:23  Assimilator  
  19  1:31  Probe (Chrono Boost)  
  20  1:36  Gateway  
  20  1:42  Probe (Chrono Boost)  
  21  1:52  Probe (Chrono Boost)  
  22  1:56  Cybernetics Core  
  22  2:03  Probe (Chrono Boost)  
  23  2:10  Probe (Chrono Boost)  
  23  2:13  Probe (Chrono Boost)  
  25  2:20  Probe (Chrono Boost)  
  26  2:24  Probe (Chrono Boost)  
  27  2:31  Probe (Chrono Boost)  
  27  2:32  Adept  
  27  2:34  Adept  
  27  2:35  Mothership Core (Chrono Boost)  
  34  2:37  Warp Gate  
  34  2:44  Pylon  
  34  2:45  Probe (Chrono Boost)  
  35  2:53  Probe (Chrono Boost)  
  36  2:59  Probe (Chrono Boost)  
  36  3:08  Probe (Chrono Boost)  
  36  3:10  Probe (Chrono Boost)  
  37  3:19  Probe (Chrono Boost)  
  38  3:20  Probe (Chrono Boost)  
  38  3:25  Nexus  
  39  3:29  Probe (Chrono Boost)  
  39  3:31  Probe (Chrono Boost)  
  41  3:36  Sentry  
  41  3:39  Pylon  
  41  3:40  Probe (Chrono Boost)  
  44  3:41  Probe (Chrono Boost)  
  44  3:42  Pylon  
  45  3:50  Probe (Chrono Boost)  
  46  3:57  Probe (Chrono Boost)  
  46  4:01  Probe (Chrono Boost)  
  48  4:04  Assimilator  
  48  4:05  Sentry x2, Assimilator  
  48  4:08  Probe (Chrono Boost)  
  53  4:11  Probe (Chrono Boost)  
  54  4:18  Probe (Chrono Boost)  
  54  4:22  Probe (Chrono Boost), Stargate x2  
  56  4:29  Probe (Chrono Boost)  
  57  4:32  Probe (Chrono Boost)  
  57  4:38  Probe (Chrono Boost)  
  59  4:40  Probe (Chrono Boost)  
  59  4:41  Adept x2  
  59  4:43  Probe (Chrono Boost)  
  65  4:48  Probe (Chrono Boost)  
  65  4:50  Probe (Chrono Boost)  
  67  4:53  Probe (Chrono Boost)  
  67  4:59  Gateway x2, Probe (Chrono Boost)  
  69  5:01  Probe (Chrono Boost), Pylon  
  69  5:02  Pylon  
  69  5:04  Probe (Chrono Boost)  
  71  5:08  Phoenix (Chrono Boost)  
  71  5:09  Probe (Chrono Boost)  
  71  5:10  Probe (Chrono Boost)  
  71  5:11  Phoenix (Chrono Boost)  
  77  5:19  Probe  
  77  5:20  Probe  
  77  5:21  Probe  
  79  5:25  Assimilator  
  80  5:29  Assimilator  
  80  5:30  Probe  
  80  5:31  Probe, Phoenix (Chrono Boost)  
  80  5:33  Probe, Phoenix (Chrono Boost)  
  87  5:40  Pylon  
  87  5:41  Probe  
  87  5:43  Probe  
  87  5:45  Probe  
  87  5:47  Zealot  
  92  5:52  Probe  
  92  5:53  Robotics Facility  
  92  5:56  Twilight Council, Forge  
  93  5:58  Probe, Pylon, Phoenix (Chrono Boost)  
  93  5:59  Phoenix (Chrono Boost)  
  98  6:10  Zealot  
  100  6:14  Pylon  
  100  6:16  Pylon  
  100  6:18  Pylon  
  100  6:20  Pylon  
  100  6:21  Phoenix x2 (Chrono Boost)  
  100  6:23  Protoss Ground Weapons Level 1  
  104  6:26  Charge (Chrono Boost)  
  104  6:33  Zealot x4  
  104  6:38  Pylon  
  112  6:41  Observer (Chrono Boost)  
  112  6:42  Templar Archives  
  113  6:59  Zealot x3  
  113  7:00  Zealot  
  115  7:03  Immortal (Chrono Boost)  
  119  7:11  Robotics Facility  
  113  7:26  Zealot x4  
  115  7:38  Gateway  
  115  7:39  Gateway  
  115  7:42  Gateway x2  
  115  7:44  Warp Prism (Chrono Boost)  
  117  7:45  Gateway  
  117  7:50  Zealot x4  
  125  7:57  Gateway  
  125  7:58  Pylon  
  125  7:59  Pylon  
  125  8:08  Immortal (Chrono Boost)  
  129  8:15  Immortal (Chrono Boost)  
  133  8:27  High Templar x4  
  133  8:31  Archon  
  133  8:32  Nexus, Archon  
  141  8:35  Pylon x2  
  141  8:37  Pylon  
  141  8:43  Immortal (Chrono Boost)  
  133  8:50  Immortal (Chrono Boost)  
  133  8:54  Zealot  
  127  8:59  Zealot x5  
  127  9:01  Zealot x3  
  138  9:07  Zealot  
  130  9:11  Probe x2  
  130  9:14  Pylon  
  133  9:17  Observer (Chrono Boost)  
  133  9:24  Observer (Chrono Boost)  
  133  9:32  Pylon  
  133  9:35  Photon Cannon  
  133  9:38  High Templar x6  
  137  9:39  Zealot x3  
  137  9:43  Archon x3  
  149  9:49  Probe  
  149  9:50  Probe  
  149  9:51  Probe x2  
  153  10:00  Photon Cannon  
  153  10:01  Probe  
  153  10:03  Probe x2  
  156  10:07  Probe  
  156  10:13  Probe  
  158  10:14  High Templar  
  158  10:15  Probe, High Templar  
  158  10:18  Archon  
  158  10:21  High Templar x2  
  165  10:22  Zealot x2  
  165  10:26  Archon  
  171  10:32  Probe x2  
  120  10:51  Probe  
  120  10:52  Probe  
  120  10:56  Warp Prism (Chrono Boost)  
  124  10:57  Zealot x2  
  127  11:04  Probe  
  127  11:05  Probe x2  
  127  11:07  Observer (Chrono Boost)  
  127  11:08  Zealot x2, High Templar x2  
  127  11:09  Zealot x3  
  127  11:10  Probe  
  144  11:14  Photon Cannon  
  145  11:19  Archon  
  145  11:21  Zealot  
  147  11:26  Probe x3, Observer (Chrono Boost)  
  147  11:27  Probe  
  147  11:30  Photon Cannon  
  150  11:40  Zealot  
  150  11:42  Zealot  
  154  11:54  High Templar x4  
  154  11:55  Zealot x4  
  154  12:00  Archon x2  
  167  12:03  Probe  
  167  12:05  Probe x3  
  171  12:12  Zealot x2  
  171  12:14  Probe  
  175  12:19  Zealot x4  
  181  12:32  High Templar x3  
  181  12:36  Assimilator  
  187  12:37  Assimilator  
  187  12:43  Zealot x2  
  187  12:44  Zealot  
  190  12:49  Archon  
  182  13:03  Zealot x2  
  182  13:04  Zealot x7  
  188  13:18  Zealot  
  190  13:27  Zealot x9  
  105  14:10  Zealot x4  
  105  14:11  Zealot x6  
  123  14:28  Nexus  
  123  14:31  Psionic Storm  
  117  14:36  Pylon  
  117  14:41  Warp Prism  
  117  14:43  High Templar x5  
  117  14:45  Zealot x5  
  139  14:55  Photon Cannon x2  
  139  14:59  Photon Cannon  
  139  15:06  Fleet Beacon  
  139  15:16  Phoenix x2 (Chrono Boost)  
  143  15:37  Phoenix x2 (Chrono Boost)  
  141  15:56  Zealot x5  
  150  15:57  Phoenix x2  
  148  16:05  Archon  
  131  16:18  Phoenix x2  
  121  16:36  Zealot x2  
  121  16:38  Photon Cannon  
  125  16:42  Phoenix x2  
  125  16:46  Protoss Air Weapons Level 1  
  127  17:05  High Templar  
  127  17:06  High Templar x3  
  131  17:10  Archon x2  
  127  17:42  Probe, Assimilator  
  127  17:43  Assimilator  
  118  17:52  Phoenix x2  
  122  18:05  Probe x2  
  124  18:06  Probe x3  
  125  18:16  High Templar x6  
  125  18:17  Zealot x4  
  145  18:20  Archon  
  145  18:21  Archon x2  
  145  18:30  Probe  
  145  18:31  Probe x2  
  148  18:37  Tempest  
  148  18:43  Probe  
  143  19:06  Tempest  
  139  19:18  Zealot x5  
  139  19:19  Zealot x3  
  155  19:29  Tempest  
  153  19:38  High Templar  
  153  19:39  High Templar x3  
  153  19:41  Stalker  
  163  19:50  Tempest  
  167  20:10  Tempest  
  165  20:36  Warp Prism (Chrono Boost)  
  165  20:40  Tempest  
  167  20:49  Probe  
  170  21:00  Probe  
  171  21:05  Tempest  
  175  21:17  High Templar x4  
  183  21:21  Archon x2  
  183  21:22  Probe  
  183  21:23  Probe  
  183  21:32  Probe  
  183  21:37  Dark Shrine  
  178  21:43  Probe  
  179  22:16  Zealot x4  
  181  22:27  Zealot x2  
  185  22:32  Oracle  
  181  22:37  Oracle  
  187  22:49  Stalker x2  
  182  22:53  Dark Templar, Zealot x4  
  182  22:54  Dark Templar x2  
  180  23:21  Zealot x4  
  180  23:22  Zealot x2  

Tags
 
Add a new tag
Caveats
  • Supply blocks, unpowered buildings, or Contaminate may cause inaccurate times.
  • Supply counts are checked every 10 seconds.